 Dungeon Crawl Stone Soup version 0.30.0-5-g1a98f26d00 (webtiles) character file.

Game seed: 12818527509952835196

5043 PoweredByGinger the Blocker (level 10, -1/82 HPs)
             Began as a Minotaur Gladiator on May 9, 2023.
             Was a Priest of Okawaru.
             Slain by a vampire (8 damage)
             ... on level 9 of the Dungeon.
             The game lasted 00:25:03 (12185 turns).

PoweredByGinger the Blocker (Minotaur Gladiator)   Turns: 12185, Time: 00:25:04

Health: -1/82      AC: 15    Str: 30    XL:     10   Next: 30%
Magic:  0/9        EV:  9    Int:  5    God:    Okawaru [***...]
Gold:   496        SH: 12    Dex: 11    Spells: 9/9 levels left

rFire   . . .        a - +0 war axe
rCold   . . .        n - +0 kite shield
rNeg    . . .        I - +0 chain mail
rPois   .            c - +0 hat
rElec   .            H - +2 cloak
rCorr   .            (no gloves)
SInv    .            (no boots)
Will    .....        z - amulet of guardian spirit Stlth
                     b - +6 ring of strength
HPRegen 0.33/turn    l - +4 ring of protection
MPRegen 0.11/turn

%: guardian spirit
@: no status effects
A: horns 2, retaliatory headbutt
a: Renounce Religion, Heroism


You were on level 9 of the Dungeon.
You worshipped Okawaru.
Okawaru was most pleased with you.
You visited 2 branches of the dungeon, and saw 11 of its levels.
You also visited: Sewer and Bailey.

You collected 496 gold pieces.

Inventory:

Hand Weapons
 a - a +0 war axe (weapon)
 m - the +6 sling of Deukamor {freeze, Will+ Int+3 Dex+3}
   (You found it on level 2 of the Dungeon)

   Int:       It affects your intelligence (+3).
   Dex:       It affects your dexterity (+3).
   Will:      It increases your willpower.
Missiles
 d - 2 throwing nets (quivered)
 e - 7 javelins
 B - 10 poisoned darts
Armour
 c - a +0 hat (worn)
 i - a +2 buckler
 n - a +0 kite shield (worn)
 H - a +2 cloak (worn)
 I - a +0 chain mail (worn)
Jewellery
 b - a +6 ring of strength (left hand)
 l - a +4 ring of protection (right hand)
 z - an amulet of guardian spirit (around neck)
Wands
 h - a wand of polymorph (5)
 u - a wand of charming (4)
 E - a wand of roots (11)
Scrolls
 f - 2 scrolls of noise {unknown}
 j - 2 scrolls of teleportation
 k - 3 scrolls of enchant armour {unknown}
 q - 2 scrolls of poison {unknown}
 r - a scroll of enchant weapon {unknown}
 s - 2 scrolls of magic mapping {unknown}
 y - a scroll of fear {unknown}
 C - a scroll of identify
 D - 4 scrolls of immolation
 F - a scroll of fog
 J - a scroll of amnesia
 K - 2 scrolls of vulnerability {unknown}
 L - a scroll of silence {unknown}
Potions
 g - 4 potions of resistance
 o - a potion of flight
 p - a potion of degeneration {unknown}
 t - a potion of mutation {unknown}
 w - 4 potions of attraction
 x - 2 potions of brilliance
 A - a potion of magic {unknown}
 G - a potion of haste {unknown}
 M - a potion of ambrosia {unknown}


   Skills:
 * Level 5.6 Fighting
 - Level 9.6 Axes
 - Level 2.0 Throwing
 - Level 3.2 Dodging
 * Level 14.8 Shields


You had 9 spell levels left.
You didn't know any spells.
Your spell library contained the following spells:

 Spells                   Type           Power      Damage    Failure   Level
 Sublimation of Blood     Necr           0%         N/A       99%         2
 Inner Flame              Hex/Fire       0%         N/A       100%        3
 Volatile Blastmotes      Fire/Tloc      0%         2d10      100%        3
 Cause Fear               Hex            0%         N/A       100%        4
 Flame Wave               Conj/Fire      0%         2d4       100%        4
 Petrify                  Tmut/Erth      0%         N/A       100%        4
 Sticky Flame             Conj/Fire      0%         2d3       100%        4
 Irradiate                Conj/Tmut      0%         3d11      100%        5
 Silence                  Hex/Air        0%         N/A       100%        5


Dungeon Overview and Level Annotations

Branches:
Dungeon (10/15)            Temple (1/1) D:6           Sewer (visited)
 Bailey (visited)
   Lair: D:8-11         Orc: D:9-12

Altars:
Ashenzari
Cheibriados
Dithmenos
Elyvilon
Fedhas
Hepliaklqana
Kikubaaqudgha
Makhleb
Nemelex Xobeh
Okawaru
Qazlal
Ru
Sif Muna
Trog
Uskayaw
Vehumet
Wu Jian
Xom
Yredelemnul
Zin
The Shining One

Shops:
D:3 [   D:10 :

Annotations:
D:8 Amaemon
D:9 exclusion: upstairs


Innate Abilities, Weirdness & Mutations

You have a pair of horns on your head.
You reflexively headbutt those who attack you in melee.


Message History

Something tries to affect you, but you resist.
You closely miss something. Something completely misses you.
Something bites you.
Something draws strength from your injuries!
You closely miss something.
You hear some strange, mumbled words.
Something tries to affect you, but you resist.
You hit something. Something hits you! Something bites you but does no damage.
You closely miss something. Something hits you but does no damage.
Something bites you!
Something draws strength from your injuries!
You hit something. Something hits you but does no damage.
Something bites you but does no damage.
You slash something!
You hear some strange, mumbled words.
You are confused.
You bump into the rock wall.
Something draws life force from you!!
You hit something but do no damage. Your headbutt misses something.
Something hits you. Something bites you.
Something draws strength from your injuries!
You bump into the rock wall.
Something hits you but does no damage. Something bites you but does no damage.
You bump into the rock wall.
Something hits you but does no damage. Something bites you.
Something draws strength from your injuries!
You hit something. Something hits you. Something bites you.
Something draws strength from your injuries!
You bump into the rock wall.
Something hits you but does no damage. Something bites you.
* * * LOW HITPOINT WARNING * * *
Something draws strength from your injuries!
You hit something.
You feel less confused. Something hits you but does no damage.
Something bites you but does no damage.
You slash something! Something draws life force from you!!
* * * LOW HITPOINT WARNING * * *
Okay, then.
You miss something. Your headbutt misses something.
Something completely misses you. Something bites you!
You die...

#.........[.#######......
#............#########...
#............##..........
#........................
###.##########...........
######.#### ##..........
#.........# #..........
#.........########..........
#........<{@....##..........
#.........#####.##..........
#.........# #.##..........
#.........#####.#.).........
#..>............#........#..
#..........####.#.#.........
#..........#....#.#.#..###..
#..........#..#.#.#.#..#....
#..........#....#.#.#..#.#..


There were no monsters in sight!

Vanquished Creatures
  Maggie (D:7)
  Prince Ribbit (D:7)
  2 dream sheep (D:8)
  A shadow (D:9)
  5 yaks
  3 vampire mosquitoes (D:10)
  An acid dragon (D:9)
  3 water moccasins
  A sky beast (D:7)
  3 black bears
  An orc warrior (Bailey)
  2 ice beasts (D:5)
  An ogre (D:6)
  A centaur (D:10)
  3 bullfrogs
  A kobold brigand (D:10)
  2 scorpions
  3 wights (D:7)
  5 howler monkeys
  A jelly (D:7)
  8 orc priests
  4 hounds
  Crazy Yiuf (D:7)
  A gnoll bouda (D:8)
  A sleepcap (D:6)
  2 iguanas (D:7)
  Natasha (D:3)
  4 orc wizards
  Ijyb (D:4)
  Robin (D:2)
  A gnoll (D:1)
  11 adders
  A river rat (D:3)
  2 shadow imps
  3 worms
  2 dart slugs (D:2)
  40 orcs
  7 endoplasms
  4 giant cockroaches
  17 goblins
  9 hobgoblins
  4 jackals
  8 kobolds
  2 quokkas
  8 ball pythons
  2 bats
  6 frilled lizards
  10 rats
202 creatures vanquished.

Notes
Turn   | Place    | Note
-------+----------+-------------------------------------------
     0 | D:1      | PoweredByGinger the Minotaur Gladiator began the quest for
                  | the Orb.
     0 | D:1      | Reached XP level 1. HP: 18/18 MP: 0/0
   202 | D:1      | Reached XP level 2. HP: 5/25 MP: 1/1
   517 | D:1      | Reached skill level 5 in Axes
   632 | D:1      | Reached XP level 3. HP: 28/30 MP: 2/2
   908 | D:2      | Got the Cyclopedia of Curses and the Torch
   919 | D:2      | Noticed Robin
  1032 | D:1      | Reached XP level 4. HP: 18/37 MP: 3/3
  1261 | D:2      | Killed Robin
  1422 | D:2      | Identified the +6 sling of Deukamor {freeze, Will+ Int+3
                  | Dex+3}
  1431 | D:2      | Identified the +0 ring mail of Jufazih {Harm rN+ rCorr
                  | Int-4}
  1833 | D:3      | Found Ceiwk's Antique Armour Emporium.
  1873 | D:3      | Reached XP level 5. HP: 42/42 MP: 4/4
  2044 | D:3      | Reached skill level 1 in Shields
  2052 | D:3      | Found a glowing drain.
  2062 | Sewer    | Entered a sewer
  2122 | Sewer    | Noticed a water moccasin
  2129 | Sewer    | Killed a water moccasin
  2130 | Sewer    | Reached skill level 2 in Shields
  2130 | Sewer    | Reached XP level 6. HP: 50/50 MP: 5/5
  2217 | D:3      | Found a faded altar of an unknown god.
  2596 | D:3      | Noticed Natasha
  2602 | D:3      | Killed Natasha
  2603 | D:3      | Reached skill level 3 in Shields
  2967 | D:4      | Noticed Ijyb
  2977 | D:4      | Killed Ijyb
  3232 | D:4      | Reached skill level 4 in Shields
  3318 | D:5      | Entered Level 5 of the Dungeon
  3368 | D:5      | Noticed an ice beast
  3380 | D:5      | Killed an ice beast
  3381 | D:5      | Reached XP level 7. HP: 56/56 MP: 6/6
  3419 | D:5      | Reached skill level 5 in Shields
  4179 | D:6      | HP: 2/56 [ogre/+0 giant club (31)]
  4392 | D:6      | Reached skill level 6 in Shields
  4502 | D:6      | Reached XP level 8. HP: 60/62 MP: 7/7
  4689 | D:5      | Reached skill level 7 in Shields
  4880 | D:6      | Found a staircase to the Ecumenical Temple.
  5050 | Temple   | Entered the Ecumenical Temple
  5379 | Temple   | Became a worshipper of Warmaster Okawaru
  5671 | D:6      | Reached skill level 8 in Shields
  6019 | D:7      | Found a broken altar of Ashenzari.
  6051 | D:7      | Noticed Prince Ribbit
  6430 | D:7      | Reached skill level 9 in Shields
  6678 | D:7      | Noticed Maggie
  6705 | D:7      | Killed Maggie
  6705 | D:7      | Reached * piety under Okawaru
  6706 | D:7      | Reached skill level 10 in Shields
  6995 | D:7      | Reached XP level 9. HP: 61/68 MP: 8/8
  7251 | D:7      | Reached skill level 11 in Shields
  8040 | D:7      | Found a runed translucent door.
  8041 | D:7      | Noticed Crazy Yiuf
  8210 | D:7      | Killed Crazy Yiuf
  8574 | D:8      | Found a flagged portal.
  8582 | Bailey   | Entered a bailey
  8962 | Bailey   | Noticed an orc knight
  9096 | D:8      | Reached skill level 12 in Shields
  9102 | D:8      | Noticed an orange demon
  9217 | D:8      | Reached ** piety under Okawaru
  9284 | D:8      | Reached skill level 13 in Shields
  9363 | D:8      | Noticed Amaemon
  9626 | D:9      | HP: 3/68 [something (3)]
 10295 | D:10     | Entered Level 10 of the Dungeon
 10295 | D:10     | Found Ybodarig's Vocational Training.
 10666 | D:10     | Reached skill level 14 in Shields
 10745 | D:10     | Reached *** piety under Okawaru
 10930 | D:10     | Reached XP level 10. HP: 64/77 MP: 7/9
 11007 | D:10     | Noticed a two-headed ogre
 11477 | D:8      | Reached skill level 5 in Fighting
 12013 | D:7      | Killed Prince Ribbit
 12185 | D:9      | Slain by a vampire

Illustrated notes

Levels and vault maps discovered:
D:1:      dpeg_arrival_stonehenge_8_columns, layout_basic
D:2:      layout_basic, st_stairs_10, uniq_robin
D:3:      layout_loops_ring, serial_shops, nicolae_shop_just_a_little_nook,
          portal_sewer_entry_e, shapermc_ecumenical_altar_mp_highgroup,
          uniq_natasha
D:4:      layout_basic, kennysheep_little_box, uniq_ijyb, uniq_pikel
D:5:      layout_gridville
D:6:      layout_gridville, minmay_temple_entry_drinking_statues
D:7:      layout_layer_cave, mainiacjoe_overflow_brackets, uniq_maggie,
          uniq_crazy_yiuf_cottage, uniq_prince_ribbit1
D:8:      layout_cave_pools, enter_bailey_1, dreamdust_gnoll_shepherd,
          uniq_amaemon
D:9:      layout_basic
D:10:     layout_roguey, nicolae_shop_vocational
Temple:   mainiacjoe_temple_cubbyholes

Skill      XL: |  1  2  3  4  5  6  7  8  9 10 |
---------------+-------------------------------+-----
Axes           | 4 5 6 7 8 9 |  9.6
Shields        | 2 4 6 10 14 | 14.8
Fighting       | 3 5 |  5.6
Throwing       | |  2.0
Dodging        | |  3.2

Action                     |  1- 3 |  4- 6 |  7- 9 | 10-12 || total
---------------------------+-------+-------+-------+-------++-------
  Melee: War axe           |    72 |   115 |   383 |    65 ||   635
         Headbutt          |     8 |    10 |    52 |    12 ||    82
  Throw: Throwing net      |       |     3 |       |       ||     3
         Javelin           |       |       |     2 |       ||     2
         Boomerang         |       |       |    12 |     7 ||    19
  Evoke: Wand              |       |       |     4 |       ||     4
    Use: Scroll            |       |     5 |    11 |     1 ||    17
         Potion            |       |     1 |     7 |       ||     8
   Stab: Held in net/web   |       |     2 |       |       ||     2
 Armour: Leather armour    |    28 |    24 |    16 |       ||    68
         Skin              |       |    13 |    10 |       ||    23
         Chain mail        |       |       |    87 |    24 ||   111
  Dodge: Dodged            |    66 |    76 |   112 |    24 ||   278
  Block: Kite shield       |       |       |   222 |    33 ||   255
